 Dungeon Crawl Stone Soup version 0.23-a0-516-g0f8c245 (webtiles) character file.

106 theanonym the Skirmisher (level 4, -6/37 HPs)
             Began as a Mummy Enchanter on Dec 5, 2018.
             Mangled by an iron imp (7 damage)
             ... summoned by Natasha
             ... on level 2 of the Dungeon.
             The game lasted 00:02:11 (2276 turns).

theanonym the Skirmisher (Mummy Enchanter)          Turns: 2276, Time: 00:02:12

Health: -6/37      AC: 11    Str: 12    XL:     4   Next: 55%
Magic:  8/8        EV:  5    Int: 14    God:
Gold:   59         SH:  0    Dex: 12    Spells: 7/8 levels left

rFire    x . .     SeeInvis .   a - +1 dagger
rCold    + . .     Gourm    .   (no shield)
rNeg     + + +     Faith    .   h - +0 chain mail
rPois    ∞         Spirit   .   (no helmet)
rElec    .         Reflect  .   i - +2 cloak
rCorr    .         Harm     .   (no gloves)
MR       .....                  (no boots)
Stlth    ..........             (no amulet)
HPRegen  0.12/turn              (no ring)
MPRegen  0.11/turn              (no ring)

@: slowed, very slow
A: no food or potions, fire vulnerability, cold resistance 1, negative energy
resistance 3, torment resistance, unbreathing
a: no special abilities


Innate Abilities, Weirdness & Mutations

You do not eat or drink.
Your flesh is vulnerable to fire.
You are immune to poison.
Your flesh is cold resistant. (rC+)
You are immune to negative energy. (rN+++)
You are immune to unholy pain and torment.
You can survive without breathing.


   Skills:
 + Level 4.3 Fighting
 - Level 0.7 Short Blades
 - Level 1.5 Dodging
 - Level 2.4 Stealth
 - Level 2.6 Spellcasting
 - Level 2.6 Hexes


You had 7 spell levels left.
You knew the following spells:

 Your Spells              Type           Power        Failure   Level  Hunger
a - Corona                Hex            #......      98%         1    N/A

Your spell library contained the following spells:

 Spells                   Type           Power        Failure   Level  Hunger
 Ensorcelled Hibernation  Hex/Ice        #.....       100%        2    N/A
 Confuse                  Hex            #.......     100%        3    N/A
 Dazzling Spray           Conj/Hex       #.....       100%        3    N/A
 Tukima's Dance           Hex            #.......     100%        3    N/A

Skill      XL: |  1  2  3  4 |
---------------+-------------+-----
Fighting       | 1 2 3 4 |  4.3
Short Blades   | |  0.7
Dodging        | |  1.5
Stealth        | |  2.4
Spellcasting   | |  2.6
Hexes          | |  2.6

Action                   |  1- 3 |  4- 6 || total
-------------------------+-------+-------++-------
Melee: Dagger            |   176 |    42 ||   218
  Use: Scroll            |       |     2 ||     2
 Stab: Sleeping          |     2 |       ||     2
Armor: Leather armour    |    15 |       ||    15
       Chain mail        |    62 |    50 ||   112
Dodge: Dodged            |    72 |    15 ||    87

Inventory:

Hand Weapons
 a - a +1 dagger (weapon)
Missiles
 g - 47 arrows
 k - 24 bolts
Armour
 b - a +0 robe
 c - a +0 leather armour
   (You found it on level 1 of the Dungeon)
 h - a +0 chain mail (worn)
   (You found it on level 1 of the Dungeon)
 i - a +2 cloak (worn)
   (You found it on level 1 of the Dungeon)
Scrolls
 f - a scroll of fog
 j - a scroll of fear {unknown}
 n - a scroll of remove curse


You were on level 2 of the Dungeon.
You were not hungry.

You visited 1 branch of the dungeon, and saw 2 of its levels.

You collected 59 gold pieces.

Dungeon Overview and Level Annotations

Branches:
Dungeon (2/15)

Altars:

Annotations:
D:2 Natasha

#.# #.# ####.#
#####.#### ##.##.#
##........#
####...#.####.........##
+.........)......%......
####...#.####..###†...##
##.##.# #..##...#.#
########h## #.........#
#.....5@5.# #.###.###.#
#+# #.###...5.#
#.###.###.# #.#
#.###.#...# #.........#
#.# #.........#
#####.######
####.#########.#####
#####.#### # .........#
#.# #........# #
.......#.#####.#
#.###.##.# #
...............# #.#
#.##.###
#.##..##.####### #.#
#.......


You could see an iron imp, Natasha and 2 shadow imps.

Notes
Turn   | Place    | Note
-------+----------+-------------------------------------------
     0 | D:1      | theanonym the Mummy Enchanter began the quest for the Orb.
     0 | D:1      | Reached XP level 1. HP: 13/13 MP: 4/4
    36 | D:1      | Reached skill level 1 in Fighting
    45 | D:1      | HP: 6/15 [dart slug (3)]
   244 | D:1      | Reached XP level 2. HP: 21/22 MP: 5/5
   335 | D:1      | HP: 10/22 [goblin (3)]
   340 | D:1      | HP: 9/22 [goblin (1)]
   341 | D:1      | Reached skill level 2 in Fighting
   632 | D:1      | HP: 10/22 [kobold/+0 short sword (6)]
   642 | D:1      | HP: 9/22 [goblin/+0 club (2)]
   644 | D:1      | HP: 4/22 [goblin/+0 club (5)]
   647 | D:1      | HP: 1/22 [goblin/+0 club (3)]
  1150 | D:1      | Reached XP level 3. HP: 17/28 MP: 7/7
  1494 | D:1      | Reached skill level 3 in Fighting
  1916 | D:2      | Noticed Natasha
  1934 | D:2      | Killed Natasha
  1934 | D:2      | Reached XP level 4. HP: 20/37 MP: 8/8
  1959 | D:2      | Noticed Natasha
  2102 | D:2      | HP: 18/37 [white imp/puff of frost[Natasha] (4)]
  2109 | D:2      | HP: 16/37 [white imp[Natasha] (3)]
  2112 | D:2      | Killed Natasha
  2112 | D:2      | Reached skill level 4 in Fighting
  2253 | D:2      | Noticed Natasha
  2262 | D:2      | HP: 16/37 [Natasha (7)]
  2267 | D:2      | HP: 15/37 [shadow imp[Natasha] (1)]
  2270 | D:2      | HP: 6/37 [Natasha/magic dart (2)]
  2275 | D:2      | HP: 2/37 [shadow imp[Natasha] (1)]
  2276 | D:2      | Mangled by an iron imp

Vanquished Creatures
  Natasha (twice) (D:2)
  2 oozes
  2 dart slugs (D:1)
  A ball python (D:1)
  4 bats
  2 giant cockroaches (D:2)
  12 goblins
  4 hobgoblins (D:1)
  3 kobolds (D:1)
  A quokka (D:2)
  A frilled lizard (D:1)
  6 rats
40 creatures vanquished.

Table legend:
 A = Turns spent in this place as a percentage of turns spent in the entire game.
 B = Non-inter-level travel turns spent in this place as a percentage of non-inter-level travel turns spent in the entire game.
 C = Inter-level travel turns spent in this place as a percentage of turns spent in this place.
 D = Turns resting spent in this place as a percentage of non-inter-level travel turns spent in this place.
 E = Turns spent auto-exploring this place as a percentage of non-inter-level travel turns spent in this place.
 F = Non-inter-level travel turns spent in this place divided by the number of levels of this place that you've seen.
                   A       B       C       D       E      F
               +-------+-------+-------+-------+-------+----------------------
         Total | 100.0 | 100.0 |   2.9 |  46.0 |  37.5 | 1105.0
       Dungeon | 100.0 | 100.0 |   2.9 |  46.0 |  37.5 | 1105.0
               +-------+-------+-------+-------+-------+----------------------
